Map: Neon Violet Square LE

Players

Temper - Winner!

  • Race: Zerg Zerg
  • League: Master
  • Spawn Location: 5:00

Mazi

  • Race: Protoss Protoss
  • League: Master
  • Spawn Location: 11:00

VOD

Have the link to the VOD?

Description

Time

  • Played on: Dec. 9, 2017, 3:33 p.m.
  • Length: 6:16
Show
View Real Time Build Order
Export as new Build Order

Temper Zerg - Winner!

Build Orders: Pool First 

Get SALT Encoding   

  12  0:01  Drone  
  13  0:13  Overlord  
  13  0:23  Drone  
  14  0:33  Drone x2  
  16  0:42  Drone  
  17  0:48  Spawning Pool  
  16  0:50  Drone  
  17  1:13  Extractor  
  17  1:15  Drone  
  17  1:19  Hatchery  
  17  1:23  Drone x2  
  18  1:33  Drone  
  18  1:39  Queen  
  21  1:42  Zergling x2  
  22  1:50  Overlord  
  22  2:07  Overlord  
  22  2:13  Metabolic Boost  
  22  2:19  Queen  
  22  2:20  Drone  
  25  2:23  Drone  
  26  2:33  Drone x2  
  28  2:44  Hatchery  
  28  2:46  Drone  
  28  2:50  Drone  
  29  3:02  Drone x4  
  33  3:06  Overlord  
  33  3:08  Zergling x2  
  34  3:14  Zergling x4  
  36  3:24  Queen  
  36  3:27  Drone x2  
  40  3:37  Zergling x8  
  44  3:44  Baneling Nest  
  44  3:47  Zergling x2  
  44  3:49  Overlord  
  44  4:05  Overlord  
  44  4:06  Overlord x2  
  44  4:08  Zergling x2  
  44  4:09  Zergling x6  
  47  4:14  Drone  
  47  4:15  Drone x2  
  49  4:21  Zergling x2  
  50  4:28  Zergling x2  
  50  4:29  Zergling x8  
  53  4:39  Spore Crawler  
  53  4:41  Spore Crawler  
  53  4:45  Zergling x6  
  52  4:46  Zergling x2  
  52  4:48  Spore Crawler  
  41  5:11  Spore Crawler  
  40  5:15  Spore Crawler  
  40  5:19  Lair  
  34  5:23  Extractor  
  34  5:24  Extractor  
  29  5:35  Roach Warren  
  29  5:36  Drone  
  29  5:53  Zergling x2  
  29  5:54  Zergling x20  
Show
View Real Time Build Order
Export as new Build Order

Mazi Protoss 

Build Orders: Zealot Archon, Dark Templar Rush 

Get SALT Encoding   

  12  0:00  Probe  
  13  0:13  Probe  
  14  0:18  Pylon  
  14  0:25  Probe  
  15  0:37  Probe  
  16  0:49  Probe  
  17  0:52  Gateway  
  17  0:59  Pylon  
  17  1:01  Probe  
  18  1:12  Assimilator  
  18  1:13  Probe  
  18  1:17  Assimilator  
  19  1:25  Probe  
  20  1:29  Pylon  
  20  1:37  Probe  
  20  1:39  Cybernetics Core  
  21  1:44  Zealot (Chrono Boost)  
  23  1:49  Probe  
  24  1:57  Pylon  
  24  2:01  Probe  
  25  2:13  Probe  
  25  2:15  Stalker (Chrono Boost)  
  28  2:16  Warp Gate  
  28  2:26  Twilight Council  
  28  2:29  Probe  
  29  2:39  Stalker (Chrono Boost)  
  29  2:41  Probe  
  32  2:50  Pylon  
  32  2:53  Probe  
  33  3:06  Probe  
  33  3:09  Dark Shrine  
  34  3:14  Adept (Chrono Boost)  
  34  3:18  Probe  
  37  3:23  Gateway  
  37  3:30  Gateway  
  37  3:36  Probe  
  37  3:41  Adept  
  40  3:48  Probe  
  41  4:16  Pylon  
  41  4:22  Dark Templar  
  41  4:23  Dark Templar  
  45  4:24  Dark Templar  
  34  4:54  Stalker  
  34  4:55  Zealot  
  31  5:12  Zealot  
  31  5:15  Probe  
  32  5:23  Dark Templar  
  32  5:25  Zealot  
  32  5:27  Probe  
  37  5:39  Probe  
  38  5:43  Stalker  
  40  5:51  Probe, Archon  
  39  6:01  Stalker  
  39  6:02  Zealot  
Tags
 
Add a new tag
Caveats
  • Supply blocks, unpowered buildings, or Contaminate may cause inaccurate times.
  • Supply counts are checked every 10 seconds.